 Dungeon Crawl Stone Soup version 0.30-a0-1085-g990a428a5c (webtiles) character file.

Game seed: 14687462551134479839

86032 cheesebisquit the Warrior (level 16, 0/140 HPs)
             Began as a Djinni Fire Elementalist on Apr 16, 2023.
             Was a High Priest of Ashenzari.
             Killed by an exploding black bear (5 damage)
             ... ignited by their inner flame
             ... on level 1 of the Lair of Beasts on Apr 17, 2023.
             The game lasted 01:39:32 (20993 turns).

cheesebisquit the Warrior (DjFE)                   Turns: 20993, Time: 01:39:33

Health: 0/140      AC: 10    Str: 10    XL:     16   Next: 32%
Gold:   1095       EV: 23    Int: 31    God:    Ashenzari [*****.] SH:  0 Dex: 20

rFire   + + +      SeeInvis +    C - +12 trident "Tirics" {freeze, *Corrode rN+ Int+2}
rCold   + . .      Faith    .    (no shield)
rNeg    + . .      Spirit   .    D - +3 leather armour "Ruined With Me" {rF+, Fort, Self} (curse)
rPois   ∞          Reflect  .    I - +2 hat of the Unyielding Gaze {Fort, Cun} (curse)
rElec   .          Rampage  .    r - +2 cloak of Supernal Wisdom {Dex+4, Melee, Self} (curse)
rCorr   +          Clarity  +    q - +2 pair of gloves of the Soothsayer {Cun, Fort} (curse)
Will    +....                    (boots unavailable)
Stlth   +++                      b - amulet "Per Aspera Ad Scientiam" {Regen+, Self, Fort} (curse)
HPRegen 1.23/turn                L - ring "I Foresaw This" {rC+, Evo, Melee} (curse)
MPRegen 0.00/turn                P - ring of the Fated Dismay {rC+ rCorr Str+3 Int+6, Melee, Evo} (curse)

@: corroded, flying
A: sickness immunity, fire resistance 2, cold vulnerability 1, float, innate
caster, HP casting, extra vitality 1
a: Renounce Religion, Shatter the Chains


You were on level 1 of the Lair of Beasts.
You worshipped Ashenzari.
Ashenzari was extremely pleased with you.
You visited 3 branches of the dungeon, and saw 18 of its levels.

You collected 1854 gold pieces.
You spent 759 gold pieces at shops.

Inventory:

Hand Weapons
 C - the +12 trident "Tirics" (weapon) {freeze, *Corrode rN+ Int+2}
   (You found it on level 12 of the Dungeon)

   Int:       It affects your intelligence (+2).
   rN:        It protects you from negative energy.
   *Corrode:  It may corrode you when you take damage.
 S - the +5 glaive of the Guard {elec, spectral, AC+5}
   (You found it on level 5 of the Lair of Beasts)

   AC:        It affects your AC (+5).
Missiles
 e - 10 curare-tipped darts
 n - 39 poisoned darts
 A - 4 atropa-tipped darts
Armour
 h - a +2 pair of gloves
 q - the cursed +2 pair of gloves of the Soothsayer (worn) {Cun, Fort}
   (You found it on level 4 of the Dungeon)

   It has a curse which improves the following skills: Cunning: Dodging and
   Stealth.
   Fortitude: Armour and Shields.
 r - the cursed +2 cloak of Supernal Wisdom (worn) {Dex+4, Melee, Self}
   (You bought it in a shop on level 2 of the Dungeon)

   Dex:       It affects your dexterity (+4).
   It has a curse which improves the following skills: Melee Combat: Short
   Blades, Long Blades, Axes, Maces & Flails, Polearms, Staves and Unarmed
   Combat.
   Introspection: Fighting and Spellcasting.
 D - the cursed +3 leather armour "Ruined With Me" (worn) {rF+, Fort, Self}
   (You took it off a gnoll bouda on level 9 of the Dungeon)

   It has a curse which improves the following skills: Fortitude: Armour and
   Shields.
   Introspection: Fighting and Spellcasting.
 I - the cursed +2 hat of the Unyielding Gaze (worn) {Fort, Cun}
   (You took it off Gastronok on level 12 of the Dungeon)

   It has a curse which improves the following skills: Fortitude: Armour and
   Shields.
   Cunning:   Dodging and Stealth.
Magical Staves
 M - the staff of air "Ryzoipp" {rElec rCorr Str+2 Dex+3}
   (You found it on level 1 of the Lair of Beasts)

   [staff of air]

   Your inability to study Air Magic prevents you from drawing on the full power
   of this staff in melee.
   Base accuracy: +5 Base damage: 5 Base attack delay: 1.2 This weapon's minimum
   attack delay (0.6) is reached at skill level 12.
   Str:       It affects your strength (+2).
   Dex:       It affects your dexterity (+3).
   rElec:     It insulates you from electricity.
   rCorr:     It protects you from acid and corrosion.
   It falls into the 'Staves' category.
   It is a one-handed weapon.
Jewellery
 a - the amulet "Kaym Fef" {RegenMP Drain rF+ rN++ Will+}
   (You found it on level 12 of the Dungeon)

   [amulet of magic regeneration]

   It increases your rate of magic regeneration.
   rF:        It protects you from fire.
   rN:        It greatly protects you from negative energy.
   Drain:     It drains your maximum health when unequipped.
   Will:      It increases your willpower.
 b - the cursed amulet "Per Aspera Ad Scientiam" (around neck) {Regen+, Self, Fort}
   (You found it on level 2 of the Dungeon)

   [amulet of regeneration]

   Regen:     It increases your rate of health regeneration.
   It has a curse which improves the following skills: Introspection: Fighting
   and Spellcasting.
   Fortitude: Armour and Shields.
 c - a ring of fire
 d - a +5 ring of evasion
 B - a ring of protection from fire
 F - a +6 ring of strength
 J - a +6 ring of intelligence
 L - the cursed ring "I Foresaw This" (left hand) {rC+, Evo, Melee}
   (You found it on level 12 of the Dungeon)

   [ring of protection from cold]

   rC:        It protects you from cold.
   It has a curse which improves the following skills: Evocations: Evocations.
   Melee Combat: Short Blades, Long Blades, Axes, Maces & Flails, Polearms,
   Staves and Unarmed Combat.
 P - the cursed ring of the Fated Dismay (right hand) {rC+ rCorr Str+3 Int+6, Melee, Evo}
   (You found it on level 9 of the Dungeon)

   [ring of intelligence]

   Str:       It affects your strength (+3).
   Int:       It affects your intelligence (+6).
   rC:        It protects you from cold.
   rCorr:     It protects you from acid and corrosion.
   It has a curse which improves the following skills: Melee Combat: Short
   Blades, Long Blades, Axes, Maces & Flails, Polearms, Staves and Unarmed
   Combat.
   Evocations: Evocations.
Wands
 m - a wand of quicksilver (5)
 w - a wand of mindburst (24)
 z - a wand of flame (46)
 E - a wand of charming (12)
 N - a wand of iceblast (7)
Scrolls
 f - a scroll of torment
 i - 7 scrolls of vulnerability
 l - 4 scrolls of teleportation
 o - 17 scrolls of identify
 p - 5 scrolls of magic mapping
 t - 8 scrolls of poison
 u - 2 scrolls of fear
 v - 4 scrolls of fog
 x - 5 scrolls of enchant armour
 y - a scroll of enchant weapon
 K - a scroll of brand weapon
 T - a scroll of silence
Potions
 g - 3 potions of magic
 j - 2 potions of curing
 k - a potion of berserk rage
 s - a potion of brilliance
 G - 2 potions of cancellation
 H - a potion of resistance
 Q - 4 potions of might
 R - a potion of ambrosia


   Skills:
 * Level 17.3(21.3) Fighting
 + Level 13.8(16.9) Dodging
 - Level 1.5(3.6) Stealth
 + Level 13.0(17.1) Spellcasting


You knew the following spells:

 Your Spells              Type           Power      Damage    Failure   Level
a - Foxfire               Conj/Fire      100%       2x1d9     0%          1
b - Static Discharge      Conj/Air       100%       2-7/arc   0%          2
c - Volatile Blastmotes   Fire/Tloc      100%       2d18      0%          3
d - Inner Flame           Hex/Fire       93%        N/A       0%          3
e - Flame Wave            Conj/Fire      93%        2d20      1%          4
f - Magic Dart            Conj           100%       1d8       0%          1
g - Confusing Touch       Hex            93%        N/A       0%          3
h - Call Canine Familiar  Summ           93%        N/A       0%          3
i - Summon Ice Beast      Ice/Summ       93%        N/A       1%          4
j - Silence               Hex/Air        46%        N/A       1%          5
k - Conjure Ball Lightni  Conj/Air       46%        3x3d16    1%          6
z - Scorch                Fire           100%       2d9       0%          2
Your spell library was empty.

Dungeon Overview and Level Annotations

Branches:
Dungeon (12/15)            Temple (1/1) D:4            Lair (5/5) D:10
  Swamp (0/4) Lair:3        Snake (0/4) Lair:2        Slime (0/5) Lair:4
    Orc (0/2) D:12

Altars:
Ashenzari
Cheibriados
Dithmenos
Elyvilon
Fedhas
Gozag
Hepliaklqana
Makhleb
Nemelex Xobeh
Okawaru
Qazlal
Ru
Trog
Uskayaw
Wu Jian
Xom
Yredelemnul
Zin
The Shining One
Jiyva

Shops:
D:2 [*   D:7 *   D:8 !

Annotations:
Lair:1 Neomef's ghost, novice DrCj


Innate Abilities, Weirdness & Mutations

You are immune to sickness and miasma.
You are immune to poison.
Your flesh is very heat resistant. (rF++)
You are vulnerable to cold. (rC-)
You float through the air rather than walking.
You learn spells naturally, not from books.
Your magical power is your life essence.
You have superior vitality. (+4 MHP)


Message History

The polar bear bites you!
* * * LOW HITPOINT WARNING * * *
The polar bear misses you. The polar bear claws you.
* * * LOW HITPOINT WARNING * * *
Neomef's ghost is engulfed in blazing flames.
Flame seeps out of Neomef's ghost.
Neomef's ghost hits you!
* * * LOW HITPOINT WARNING * * *
Neomef's ghost freezes you.
* * * LOW HITPOINT WARNING * * *
The spriggan is engulfed in blazing flames.
Flame seeps out of the spriggan.
The spriggan closely misses you.
Okay, then.
As you read the scroll of fear, it crumbles to dust.
You assume a fearsome visage.
The black bear looks frightened!
The spriggan easily resists.
Neomef's ghost is unaffected.
The spriggan looks frightened! x2; The polar bear is unaffected.
The spriggan cries, "Mercy!"
The polar bear bites you!
* * * LOW HITPOINT WARNING * * *
The polar bear misses you.
The polar bear claws you but does no damage.
Neomef's ghost is engulfed in blazing flames.
Flame seeps out of Neomef's ghost.
Neomef's ghost hits you but does no damage.
The spriggan is engulfed in blazing flames.
The spriggan explodes!
The fiery explosion engulfs the polar bear!!
The fiery explosion engulfs the spriggan.
The spriggan is moderately wounded.
Your attack snaps the spriggan out of its fear.
The polar bear explodes!
The fiery explosion engulfs Neomef's ghost.
Neomef's ghost is burned terribly!
Flame seeps out of Neomef's ghost.
Neomef's ghost is heavily damaged.
The fiery explosion engulfs you. You resist.
* * * LOW HITPOINT WARNING * * *
The fiery explosion engulfs the black bear!!
The black bear explodes!
The fiery explosion engulfs you. You resist.
You die...

#..##......##...#............##.
#..##........................'..
##..######.##....#.......+....#.#
#...######.#.....#.......#....###
##...........(...#.........<..#.#
#................##.#.###.......
##...............................
#...............§.§..............
##.............§@§§..............
#.............§§W§............##
#............§○§§.i.............
#.###########⌠§i.⌠####........#.
#........#♣.###'###.♣####.......
##.#......#♣.♣..♣.♣?♣♣####.....#.
#..+......#♣♣...♣...♣ #.##.....#.
##.#......##♣.♣.!".♣♣##..'.....#.
#..........#♣....♣.[*#..##.......


You could see 2 spriggans and Neomef's ghost (inner flame, combustible).

Vanquished Creatures
  Kirke (Lair:4)
  Gastronok (D:12)
  The ghost of cheesebisquit the Fighter, a journeyman DjFE of Ashenzari (D:12)
  3 dire elephants (Lair:5)
  The ghost of Siakut the Bludgeoner, a journeyman MiBe of Trog (D:12)
  The ghost of Pimp the Cleaver, a journeyman HOFi of Cheibriados (D:12)
  The ghost of BlueFalcon the Martial Artist, a journeyman DsGl of Uskayaw (D:12)
  The ghost of dufus the Nimble, a journeyman GnMo of Cheibriados (D:9)
  6 hydras
  5 boulder beetles
  A catoblepas (Lair:4)
  3 two-headed ogres
  2 death yaks (Lair:5)
  Urug (Lair:1)
  Sonja (D:10)
  Amaemon (D:10)
  2 skysharks
  Lodul (D:12)
  2 bog bodies (Lair:3)
  A spectral anaconda (Lair:5)
  Pikel (D:9)
  4 necromancers (Lair:5)
  A wolf spider (Lair:2)
  A manticore (D:8)
  Joseph (D:9)
  A black mamba (Lair:1)
  A dire elephant zombie (Lair:5)
  20 elephants
  A dire elephant skeleton (Lair:5)
  An orange demon (Lair:1)
  An unseen horror (D:12)
  7 cane toads
  4 komodo dragons
  9 rime drakes
  2 trolls
  A polar bear (Lair:1)
  20 blink frogs
  3 hornets
  2 spectral elephants (Lair:5)
  A spriggan (Lair:1)
  6 slime creatures (D:12)
  2 vampires
  2 wraiths
  A shadow (D:11)
  11 basilisks
  21 yaks
  2 hogs (Lair:4)
  2 humans (Lair:4)
  13 wyverns
  A steam dragon (D:8)
  2 death yak simulacra (Lair:5)
  8 vampire mosquitoes
  A neqoxec (D:9)
  3 acid dragons
  4 nagas (Lair:2)
  7 water moccasins
  3 black bears
  2 ice beasts
  A sky beast (D:8)
  4 orc warriors
  An elephant zombie (Lair:5)
  11 ogres
  19 wolves
  6 centaurs
  2 phantoms (D:4)
  A kobold brigand (D:8)
  4 lemures (D:9)
  9 bullfrogs
  5 scorpions
  4 wights (D:8)
  6 killer bees (D:10)
  3 elephant simulacra (Lair:5)
  2 electric eels
  5 howler monkeys
  3 quasits (D:9)
  5 hounds
  4 jellies (D:5)
  A gnoll bouda (D:9)
  3 orc priests
  Crazy Yiuf (D:2)
  3 iguanas (D:5)
  6 orc wizards
  A sleepcap (D:7)
  8 hell rats
  10 gnolls
  11 adders
  8 river rats (Lair:4)
  2 white imps
  3 dart slugs
  43 orcs
  12 endoplasms
  2 giant cockroaches
  16 goblins
  14 hobgoblins
  4 jackals (D:1)
  3 quokkas
  8 ball pythons
  7 bats
  6 frilled lizards
  15 kobolds
  17 rats
  A butterfly (Lair:2)
  2 foxfires (Lair:4)
  4 fungi (Lair:5)
515 creatures vanquished.

Vanquished Creatures (collateral kills)
  A dire elephant (Lair:5)
  An obsidian statue (Lair:5)
  A hell hound (Lair:3)
  4 foxfires
7 creatures vanquished.

Vanquished Creatures (others)
  2 ball lightnings (Lair:5)
  1401 foxfires
  35 fungi
  50 plants
  35 withered plants
1523 creatures vanquished.

Grand Total: 2045 creatures vanquished

Notes
Turn   | Place    | Note
-------+----------+-------------------------------------------
     0 | D:1      | cheesebisquit the Djinni Fire Elementalist began the quest
                  | for the Orb.
     0 | D:1      | cheesebisquit set off with the following spells memorised:
                  | Foxfire, Scorch, Volatile Blastmotes, Inner Flame, Flame
                  | Wave.
     0 | D:1      | Reached XP level 1. HP: 15/15 MP: 0/0
   130 | D:1      | Reached XP level 2. HP: 20/21 MP: 0/0
   187 | D:1      | HP: 1/21 [jackal (2)]
   197 | D:1      | HP: 1/21 [jackal (1)]
   370 | D:1      | Reached XP level 3. HP: 21/25 MP: 0/0
   370 | D:1      | Learned a level 1 spell: Magic Dart
   839 | D:2      | Reached XP level 4. HP: 25/31 MP: 0/0
   864 | D:2      | Found a faded altar of an unknown god.
   931 | D:2      | Found Xuthro Nutt's Assorted Antiques.
   938 | D:2      | Bought a scroll of identify for 40 gold pieces
   938 | D:2      | Bought a scroll labelled WOTOUR WELIONUZXO for 20 gold
                  | pieces
   945 | D:2      | Found Diafef's Armour Emporium.
  1071 | D:2      | Found a runed translucent door.
  1072 | D:2      | Noticed Crazy Yiuf
  2443 | D:3      | Reached XP level 5. HP: 34/35 MP: 0/0
  2443 | D:3      | Learned a level 2 spell: Static Discharge
  2754 | D:3      | Found a hide-covered altar of Uskayaw.
  2865 | D:3      | Reached XP level 6. HP: 40/40 MP: 0/0
  2997 | D:3      | Reached skill level 5 in Spellcasting
  3273 | D:4      | Found a staircase to the Ecumenical Temple.
  3281 | Temple   | Entered the Ecumenical Temple
  3411 | Temple   | Became a worshipper of Ashenzari the Shackled
  3839 | D:4      | Noticed an ogre
  3843 | D:4      | Killed an ogre
  3844 | D:4      | Reached XP level 7. HP: 43/45 MP: 0/0
  3844 | D:4      | Learned a level 3 spell: Confusing Touch
  4212 | D:5      | Entered Level 5 of the Dungeon
  4316 | D:5      | Noticed an acid dragon
  4320 | D:5      | Killed an acid dragon
  4321 | D:5      | Reached XP level 8. HP: 45/50 MP: 0/0
  5133 | D:5      | Reached * piety under Ashenzari
  5180 | D:6      | Reached XP level 9. HP: 37/55 MP: 0/0
  5180 | D:6      | Learned a level 3 spell: Call Canine Familiar
  5425 | D:6      | Reached ** piety under Ashenzari
  5944 | D:7      | Found Meety's General Store.
  5966 | D:7      | Reached *** piety under Ashenzari
  6065 | D:7      | Reached skill level 1 in Fighting
  6123 | D:7      | Reached skill level 2 in Fighting
  6286 | D:7      | Reached skill level 3 in Fighting
  6748 | D:8      | Reached skill level 4 in Fighting
  6750 | D:8      | HP: 2/65 [orc wizard/magic dart (11)]
  7235 | D:8      | Reached XP level 10. HP: 66/72 MP: 0/0
  7239 | D:8      | Reached skill level 5 in Fighting
  7257 | D:8      | Found an iron altar of Okawaru.
  7257 | D:8      | Found an ornate altar of the Wu Jian Council.
  7260 | D:8      | Found a sacrificial altar of Ru.
  7380 | D:8      | Noticed a manticore
  7394 | D:8      | HP: 2/73 [manticore (2)]
  7397 | D:8      | Killed a manticore
  7398 | D:8      | Reached skill level 6 in Fighting
  7398 | D:8      | Reached skill level 5 in Dodging
  7478 | D:8      | Found Xudoluj's Distillery.
  7486 | D:8      | Bought a potion of curing for 39 gold pieces
  7486 | D:8      | Bought a potion of curing for 39 gold pieces
  7486 | D:8      | Bought a potion of curing for 39 gold pieces
  7486 | D:8      | Bought a potion of heal wounds for 65 gold pieces
  7486 | D:8      | Bought a potion of curing for 39 gold pieces
  8046 | D:9      | Reached skill level 7 in Fighting
  8057 | D:9      | Noticed Joseph
  8070 | D:9      | HP: 2/78 [Joseph/sling bullet (17)]
  8081 | D:9      | Killed Joseph
  8183 | D:9      | Found a transporter.
  8189 | D:9      | Noticed Pikel
  8198 | D:9      | Killed Pikel
  8199 | D:9      | Reached skill level 8 in Fighting
  8199 | D:9      | Reached XP level 11. HP: 47/85 MP: 0/0
  8199 | D:9      | Learned a level 4 spell: Summon Ice Beast
  8260 | D:9      | Found a transporter.
  8262 | D:9      | Noticed dufus's ghost (journeyman GnMo)
  8282 | D:9      | Identified the +3 pair of boots of the Vacuum {Str-5 Int+8
                  | SInv}
  8282 | D:9      | Identified the ring "Byir" {rC+ rCorr Str+3 Int+6}
  8709 | D:10     | Entered Level 10 of the Dungeon
  8861 | D:10     | Noticed Sonja
  8869 | D:10     | Killed Sonja
  8870 | D:10     | Reached skill level 10 in Spellcasting
  8924 | D:10     | Reached skill level 9 in Fighting
  9179 | D:10     | Reached **** piety under Ashenzari
  9406 | D:10     | Noticed a two-headed ogre
  9412 | D:10     | Killed a two-headed ogre
  9552 | D:10     | Reached ***** piety under Ashenzari
  9556 | D:10     | Found a staircase to the Lair.
  9766 | D:11     | Reached skill level 10 in Fighting
 10145 | D:11     | Reached XP level 12. HP: 88/103 MP: 0/0
 10504 | D:12     | Found a runed translucent gate.
 10505 | D:12     | Noticed Siakut's ghost (journeyman MiBe)
 10506 | D:12     | Found a runed translucent gate.
 10506 | D:12     | Found a runed translucent gate.
 10507 | D:12     | Noticed Pimp's ghost (journeyman HOFi)
 10507 | D:12     | Noticed cheesebisquit's ghost (journeyman DjFE)
 10507 | D:12     | Noticed BlueFalcon's ghost (journeyman DsGl)
 10512 | D:12     | Noticed a two-headed ogre
 10519 | D:12     | Killed a two-headed ogre
 10521 | D:12     | Identified the +12 trident "Tirics" {freeze, *Corrode rN+
                  | Int+2}
 10543 | D:12     | Noticed Gastronok
 10564 | D:12     | Killed Gastronok
 10565 | D:12     | Reached skill level 11 in Fighting
 10602 | D:12     | Found a staircase to the Orcish Mines.
 10657 | D:12     | Noticed Lodul
 10686 | D:12     | Killed Lodul
 11170 | D:12     | Noticed a two-headed ogre
 11179 | D:12     | Killed a two-headed ogre
 11218 | D:12     | Noticed a boulder beetle
 11234 | D:12     | Killed a boulder beetle
 11235 | D:12     | Reached skill level 12 in Fighting
 11355 | D:12     | Identified Sif Muna's Compilation of Orientation
 11355 | D:12     | Identified Sif Muna's Almanac of Ashes
 11355 | D:12     | Identified Sif Muna's Writings on Formation
 11423 | Lair:1   | Entered Level 1 of the Lair of Beasts
 11431 | Lair:1   | Identified the staff of air "Ryzoipp" {rElec rCorr Str+2
                  | Dex+3}
 11503 | Lair:1   | Noticed a boulder beetle
 11514 | Lair:1   | Killed a boulder beetle
 11624 | Lair:1   | Noticed Amaemon
 11647 | D:10     | Killed Amaemon
 11648 | D:10     | Reached skill level 10 in Dodging
 11648 | D:10     | Reached XP level 13. HP: 99/112 MP: 0/0
 11648 | D:10     | Learned a level 5 spell: Silence
 11916 | Lair:1   | Found a runed translucent door.
 12140 | Lair:1   | Noticed Urug
 12147 | Lair:1   | Killed Urug
 12290 | Lair:1   | Reached skill level 13 in Fighting
 12644 | Lair:1   | Noticed Neomef's ghost (novice DrCj)
 12735 | Lair:1   | Identified the +7 trident of Nemelex Xobeh {antimagic, rC-
                  | rN+++ Str-4 Int+5}
 12965 | D:2      | Killed Crazy Yiuf
 13147 | D:9      | Killed dufus's ghost
 13452 | D:2      | Bought a scroll of blinking for 150 gold pieces
 13461 | D:2      | Bought the +2 cloak of Jeog {Dex+4} for 328 gold pieces
 14035 | Lair:2   | Found a staircase to the Snake Pit.
 14661 | Lair:3   | Noticed a five-headed hydra
 14667 | Lair:3   | Killed a five-headed hydra
 14668 | Lair:3   | Reached skill level 14 in Fighting
 14823 | Lair:3   | Noticed a five-headed hydra
 14823 | Lair:3   | Noticed a five-headed hydra
 14969 | Lair:3   | Found a bloodstained altar of Trog.
 15078 | Lair:3   | Killed a five-headed hydra
 15284 | Lair:3   | Reached XP level 14. HP: 116/121 MP: 0/0
 15446 | Lair:3   | Found a staircase to the Swamp.
 15926 | Lair:4   | Noticed Kirke
 15937 | Lair:4   | Killed Kirke
 16067 | Lair:4   | Reached skill level 15 in Fighting
 16265 | Lair:4   | Found a viscous altar of Jiyva.
 16271 | Lair:4   | Found a staircase to the Slime Pits.
 16988 | Lair:4   | Reached XP level 15. HP: 132/132 MP: 0/0
 16988 | Lair:4   | Learned a level 6 spell: Conjure Ball Lightning
 17154 | Lair:5   | Entered Level 5 of the Lair of Beasts
 17216 | Lair:5   | Reached skill level 16 in Fighting
 17565 | Lair:5   | Found the +5 glaive of the Guard {elec, spectral, AC+5}
 17906 | Lair:5   | Reached ****** piety under Ashenzari
 18302 | Lair:5   | Reached XP level 16. HP: 124/140 MP: 0/0
 18864 | Lair:5   | HP: 6/139 [dire elephant (18)]
 19004 | Lair:5   | Reached skill level 17 in Fighting
 19974 | D:12     | Identified the amulet "Kaym Fef" {RegenMP Drain rF+ rN++
                  | Will+}
 19997 | D:12     | Killed BlueFalcon's ghost
 20171 | D:12     | Killed Pimp's ghost
 20228 | D:12     | Killed cheesebisquit's ghost
 20384 | D:12     | Killed Siakut's ghost
 20476 | D:12     | Found a staircase to the Orcish Mines.
 20993 | Lair:1   | HP: 5/140 [spore (3)]
 20993 | Lair:1   | Killed by an exploding black bear... ignited by their inner
                  | flame

Illustrated notes

Levels and vault maps discovered:
D:1:      eino_arrival_druids_welcome, layout_loops_cross,
          minmay_misc_feat_encased
D:2:      minmay_diamond_boxcup, layout_loops_ring, serial_shops, shop, shop,
          shapermc_ecumenical_altar_starsandcircs, uniq_crazy_yiuf_cottage
D:3:      layout_basic, eat_drink_and_be_merry_uskayaw, portal_sewer_entry_d,
          minmay_fractal_squares_gapless_5
D:4:      layout_basic, nicolae_sif_muna_little_library,
          minmay_temple_entry_wispy
D:5:      layout_cave_pods
D:6:      layout_loops_ring, nrook_uturn
D:7:      layout_basic, st_stairs_12, minivault_24, nicolae_stop_n_shop_2
D:8:      corexii_shantytown, layout_loops_ring, grunt_temple_overflow_open,
          serial_shops, nicolae_square_shop, kennysheep_just_a_vault
D:9:      layout_irregular_city, gammafunk_ghost_stat_death, uniq_joseph,
          uniq_pikel
D:10:     layout_irregular_city, lair_entry_dummy, uniq_sonja
D:11:     layout_basic
D:12:     layout_irregular_city, orc_0_dummy, gammafunk_ghost_cemetery,
          uniq_lodul, uniq_gastronok
Temple:   kb_temple_of_zot
Lair:1:   layout_regular_city, ebering_ghost_funeral_grove, grunt_megastairs_4,
          serial_bayou_shore_a, uniq_urug, uniq_amaemon
Lair:2:   layout_loops_ring, guppyfry_snake_entry_garden,
          nicolae_lair_run_with_the_wolves, lemuel_fruit_fields
Lair:3:   layout_roguey [special_room_mythical_zoo],
          nicolae_swamp_entry_splash_gauntlet, lemuel_centaur_altar
Lair:4:   layout_gridlike, slime_entry_1, kennysheep_abandoned_house, uniq_kirke
Lair:5:   due_jungle_book, layout_regular_city, grunt_megastairs_2

Skill      XL: |  1  2  3  4  5  6  7  8  9 10 11 12 13 14 15 16 |
---------------+-------------------------------------------------+-----
Spellcasting   | 3 4 5 6 8 9 10 11 12 13 | 13.0
Fighting       | 4 8 10 12 14 15 16 17 | 17.3
Dodging        | 4 6 8 10 11 12 13 | 13.8
Stealth        | |  1.5

Action                     |  1- 3 |  4- 6 |  7- 9 | 10-12 | 13-15 | 16-18 || total
---------------------------+-------+-------+-------+-------+-------+-------++-------
  Melee: Unarmed           |     8 |       |       |       |       |       ||     8
         Spear             |     8 |    27 |     1 |     1 |     2 |       ||    39
         Quarterstaff      |       |       |       |       |     1 |    55 ||    56
         Trident           |       |       |       |       |       |     3 ||     3
   Cast: Foxfire           |    40 |    86 |   121 |   187 |   273 |    97 ||   804
         Scorch            |       |    27 |    67 |   105 |   172 |    95 ||   466
         Inner Flame       |       |       |    32 |    76 |   165 |    39 ||   312
         Volatile Blastmot |       |       |     1 |     6 |       |    21 ||    28
         Magic Dart        |       |       |     1 |       |       |     1 ||     2
         Summon Ice Beast  |       |       |       |       |     4 |     4 ||     8
         Call Canine Famil |       |       |       |       |     3 |     4 ||     7
         Conjure Ball Ligh |       |       |       |       |     2 |       ||     2
         Silence           |       |       |       |       |       |     1 ||     1
 Invoke: Curse Item        |       |       |     5 |     4 |     4 |       ||    13
         Shatter the Chain |       |       |       |     2 |     3 |     1 ||     6
    Use: Scroll            |     3 |     7 |     3 |       |     1 |     6 ||    20
         Potion            |       |       |     2 |    16 |     3 |     4 ||    25
   Stab: Sleeping          |       |     1 |     1 |       |       |       ||     2
 Armour: Robe              |     6 |     8 |    23 |     1 |       |       ||    38
         Leather armour    |       |       |       |    26 |    70 |   118 ||   214
  Dodge: Dodged            |    18 |    44 |    48 |   143 |   311 |   345 ||   909

Table legend: (Time is in decaauts)
 A = Elapsed time spent in this place.
 B = Non-inter-level travel time spent in this place.
 C = Inter-level travel time spent in this place.
 D = Time resting spent in this place.
 E = Time spent auto-exploring this place.
 F = Levels seen in this place.
 G = Mean time per level.
                   A        B        C        D        E       F      G
               +--------+--------+--------+--------+--------+-----+--------+
         Total |  21000 |  18589 |   2411 |    822 |  14049 |  18 | 1166.7 |
       Dungeon |  13368 |  11654 |   1714 |    337 |   9140 |  12 | 1114.0 |
        Temple |    152 |    102 |     50 |      0 |     89 |   1 |  152.0 |
          Lair |   7479 |   6832 |    647 |    485 |   4819 |   5 | 1495.8 |
               +--------+--------+--------+--------+--------+-----+--------+

Top non-repeatable levels by time:
  Lair:5: 2646 daAuts
    D:12: 1940 daAuts
  Lair:3: 1400 daAuts
     D:2: 1304 daAuts
    D:10: 1303 daAuts
  Lair:1: 1302 daAuts
     D:4: 1196 daAuts
     D:8: 1190 daAuts
  Lair:4: 1172 daAuts
     D:9: 1163 daAuts
     D:3: 1106 daAuts
     D:5: 998 daAuts
  Lair:2: 956 daAuts
     D:1: 841 daAuts
     D:7: 833 daAuts
